 Dungeon Crawl Stone Soup version 0.30.0-15-g856e2d3f33 (webtiles) character file.

Game seed: 3821854993381235041

14146 Daunt the Skirmisher (level 11, 0/89 HPs)
             Began as a Demigod Enchanter on May 19, 2023.
             Slain by a komodo dragon (19 damage)
             ... on level 10 of the Dungeon.
             The game lasted 00:56:52 (13885 turns).

Daunt the Skirmisher (Demigod Enchanter)           Turns: 13885, Time: 00:56:53

Health: 0/89       AC: 15    Str:  9    XL:     11   Next: 55%
Magic:  17/17      EV: 14    Int: 17    God:
Gold:   738        SH:  0    Dex: 26    Spells: 11/13 levels left

rFire   . . .        b - +0 shortbow
rCold   . . .        (shield currently unavailable)
rNeg    . . .        L - +0 swamp dragon scales
rPois   +            (no helmet)
rElec   .            B - +1 cloak
rCorr   .            S - +0 pair of gloves
SInv    .            i - +0 pair of boots
Will    +....        A - amulet of the acrobat
Stlth   +++          l - +4 ring of protection
HPRegen 0.34/turn    k - +4 ring of slaying
MPRegen 0.15/turn

%: acrobat
@: about to teleport, studying Unarmed Combat
A: high MP 1, forlorn, divine attributes
a: no special abilities


You were on level 10 of the Dungeon.
You visited 2 branches of the dungeon, and saw 11 of its levels.
You also visited: Sewer.

You collected 738 gold pieces.

Inventory:

Hand Weapons
 a - a +4 quarterstaff of chaos
 b - a +0 shortbow (weapon)
 M - a +0 arbalest
Missiles
 d - 105 stones
 e - 5 atropa-tipped darts
 n - 7 boomerangs
 p - 14 curare-tipped darts
 u - 91 poisoned darts
 T - 2 throwing nets
Armour
 i - a +0 pair of boots (worn)
 B - a +1 cloak (worn)
 L - +0 swamp dragon scales (worn)
 O - a +2 leather armour of willpower
 Q - a +0 troll leather armour
 S - a +0 pair of gloves (worn)
Jewellery
 j - a ring of ice
 k - a +4 ring of slaying (right hand)
 l - a +4 ring of protection (left hand)
 A - an amulet of the acrobat (around neck)
 G - a ring of ice
Wands
 g - a wand of polymorph (7)
 v - a wand of flame (4)
 z - a wand of mindburst (6)
 K - a wand of charming (11)
 P - a wand of iceblast (9)
Scrolls
 f - 3 scrolls of fog
 h - 5 scrolls of enchant weapon
 m - 2 scrolls of torment
 o - 4 scrolls of immolation
 q - 2 scrolls of poison {unknown}
 r - 5 scrolls of teleportation
 s - 2 scrolls of amnesia
 t - 5 scrolls of vulnerability {unknown}
 y - a scroll of brand weapon
 C - a scroll of enchant armour
 D - a scroll of fear {unknown}
 F - a scroll of silence {unknown}
 J - 2 scrolls of magic mapping {unknown}
Potions
 c - 5 potions of mutation
 w - 7 potions of flight
 E - 2 potions of lignification
 H - a potion of haste
 I - 2 potions of ambrosia
 N - a potion of cancellation {unknown}
 R - a potion of heal wounds


   Skills:
 - Level 5.9 Fighting
 - Level 0.8 Short Blades
 + Level 14.2 Ranged Weapons
 - Level 6.3 Dodging
 - Level 4.0 Stealth
 - Level 1.7 Spellcasting
 - Level 2.6 Hexes
 - Level 5.0 Evocations


You had 11 spell levels left.
You knew the following spells:

 Your Spells              Type           Power      Damage    Failure   Level
a - Ensorcelled Hibernat  Hex/Ice        12%        N/A       43%         2

Your spell library contained the following spells:

 Spells                   Type           Power      Damage    Failure   Level
 Apportation              Tloc           2%         N/A       50%         1
 Freeze                   Ice            4%         1d3       50%         1
 Magic Dart               Conj           4%         1d3       50%         1
 Necrotise                Necr           4%         1d4       50%         1
 Summon Small Mammal      Summ           4%         N/A       50%         1
 Confusing Touch          Hex            10%        N/A       50%         3
 Tukima's Dance           Hex            10%        N/A       50%         3
 Call Imp                 Summ           2%         N/A       63%         2
 Cigotuvi's Dreadful Rot  Necr/Pois/Air  2%         N/A       63%         2
 Lesser Beckoning         Tloc           2%         N/A       63%         2
 Sublimation of Blood     Necr           1%         N/A       63%         2
 Dazzling Flash           Conj/Hex       12%        N/A       67%         3
 Frozen Ramparts          Ice            2%         1d1       86%         3
 Gell's Gravitas          Tloc           1%         N/A       86%         3
 Hailstorm                Conj/Ice       1%         3d3       86%         3
 Ignite Poison            Fire/Tmut/Pois 1%         N/A       86%         3
 Mephitic Cloud           Conj/Pois/Air  1%         N/A       86%         3
 Teleport Other           Tloc           1%         N/A       86%         3
 Vhi's Electric Charge    Tloc/Air       2%         N/A       86%         3
 Petrify                  Tmut/Erth      1%         N/A       99%         4
 Arcjolt                  Conj/Air       0%         1d10      100%        5
 Freezing Cloud           Conj/Ice/Air   0%         6-21      100%        5
 Irradiate                Conj/Tmut      0%         3d11      100%        5
 Maxwell's Capacitive Co  Air            0%         ∞         100%        8


Dungeon Overview and Level Annotations

Branches:
Dungeon (10/15)            Temple (0/1) D:7            Lair (1/5) D:10
  Sewer (visited)
    Orc: D:9-12

Shops:
D:5 =

Portals:
Abyss: D:4


Innate Abilities, Weirdness & Mutations

You have an increased reservoir of magic. (+10% MP)
You shall have no god before yourself.
Your divine heritage dramatically boosts your attributes as you level up.


Message History

The komodo dragon is moderately wounded.
The komodo dragon bites you!! The yak gores you but does no damage.
You are too injured to fight recklessly!
You are too injured to fight recklessly!
You are too injured to fight recklessly!
You are too injured to fight recklessly!
Unknown command.
Unknown command.
Unknown command.
As you read the scroll of teleportation, it crumbles to dust.
You feel strangely unstable.
The komodo dragon completely misses you.
The yak gores you!
Unknown command.
Unknown command.
Fire: b) +0 shortbow
Press: ? - help, Q - select action, (/) - cycle Shift-Dir - straight line, f/p - komodo dragon
Aim: a komodo dragon (moderately wounded, 79% to hit)
You shoot an arrow. The arrow hits the komodo dragon!
The komodo dragon is heavily wounded.
The komodo dragon bites you but does no damage.
The yak completely misses you.
Unknown command.
Unknown command.
Fire: b) +0 shortbow
Press: ? - help, Q - select action, (/) - cycle Shift-Dir - straight line, f/p - komodo dragon
Aim: a komodo dragon (heavily wounded, 79% to hit)
You shoot an arrow. The arrow hits the komodo dragon.
The komodo dragon is heavily wounded.
The komodo dragon misses you. The yak gores you!
* * * LOW HITPOINT WARNING * * *
Unknown command.
Unknown command.
Fire: b) +0 shortbow
Press: ? - help, Q - select action, (/) - cycle Shift-Dir - straight line, f/p - komodo dragon
Aim: a komodo dragon (heavily wounded, 79% to hit)
You shoot an arrow.
The arrow barely misses the komodo dragon.
The komodo dragon bites you!!
You die...

# ###.###########)..... #
###......### #####.# #
##..........## #.# #
#..P...P.....# #.# ##
##.......P....## #.# .##
#.......P[...).# #.#
#.#######..P..####...[)########.#
##.#..........'l.#.....[.##......
##....>......#Y@#P.?P.#....###..
##.#.###......####..P..####.##...
#.##.# #...............# #.#....
.###.###.#.....)..P.P.## ##.##...
## #........PP...P.PP.####...##..
#######.......P..PPP.......#.##.#
~~~~~~######.....P......##...##.#
###~~~~~~.##.##......##.#######+#
#########.##.##.##.####.# ##...


You could see a komodo dragon and a yak.

Vanquished Creatures
  Harold (D:10)
  A two-headed ogre (D:7)
  The ghost of gelatine the Firebug, a novice DsFE (D:8)
  An ugly thing (D:7)
  A cane toad (D:10)
  Maggie (D:6)
  The ghost of javelincjr the Conjurer, a novice OpCj (D:4)
  A kobold demonologist (D:8)
  The ghost of SecretSquirrel the Skirmisher, a novice DEHu of Fedhas (D:5)
  2 trolls
  2 hornets (D:9)
  A shadow (D:6)
  16 yaks
  2 steam dragons (D:8)
  2 vampire mosquitoes
  Edmund (D:6)
  Duvessa (D:7)
  3 water moccasins
  3 orc warriors
  A sky beast (D:6)
  5 ice beasts
  4 black bears
  3 centaurs
  A phantom (D:6)
  2 small abominations (D:4)
  20 kobold brigands
  A gnoll sergeant (D:10)
  5 bullfrogs
  3 scorpions
  15 wights
  Dowan (D:7)
  11 killer bees
  7 howler monkeys
  A quasit (D:4)
  3 hounds
  4 jellies
  Crazy Yiuf (D:3)
  A gnoll bouda (D:7)
  2 orc priests
  6 iguanas
  A sleepcap (D:4)
  Ijyb (D:3)
  Terence (D:3)
  10 orc wizards
  12 gnolls
  12 adders
  3 river rats (Sewer)
  7 white imps
  5 worms
  2 dart slugs
  25 orcs
  16 ball pythons
  6 endoplasms
  4 giant cockroaches
  2 goblins (D:1)
  8 hobgoblins
  10 jackals
  52 kobolds
  10 quokkas
  13 bats
  5 frilled lizards
  5 rats
349 creatures vanquished.

Vanquished Creatures (others)
  A troll (D:7)
1 creature vanquished.

Grand Total: 350 creatures vanquished

Notes
Turn   | Place    | Note
-------+----------+-------------------------------------------
     0 | D:1      | Daunt the Demigod Enchanter began the quest for the Orb.
     0 | D:1      | Reached XP level 1. HP: 14/14 MP: 5/5
   324 | D:1      | Reached skill level 1 in Fighting
   367 | D:1      | Reached XP level 2. HP: 9/23 MP: 7/7
   428 | D:1      | Learned a level 2 spell: Ensorcelled Hibernation
  1262 | D:2      | Reached XP level 3. HP: 19/29 MP: 8/8
  2022 | D:2      | Reached XP level 4. HP: 34/37 MP: 9/9
  2491 | D:3      | Noticed Ijyb
  2713 | D:3      | Noticed Terence
  2744 | D:3      | Killed Terence
  2745 | D:3      | Reached XP level 5. HP: 20/45 MP: 10/10
  2949 | D:3      | Noticed a black bear
  2964 | D:3      | Killed a black bear
  3123 | D:3      | Found a runed translucent door.
  3124 | D:3      | Noticed Crazy Yiuf
  3141 | D:3      | Killed Crazy Yiuf
  3292 | D:3      | Killed Ijyb
  3293 | D:3      | Reached XP level 6. HP: 29/52 MP: 11/11
  3446 | D:4      | Found a glowing drain.
  3469 | Sewer    | Entered a sewer
  4421 | D:4      | Reached skill level 5 in Dodging
  4538 | D:4      | Found a one-way gate to the infinite horrors of the Abyss.
  4538 | D:4      | Noticed javelincjr's ghost (novice OpCj)
  4539 | D:4      | Noticed a small abomination
  4562 | D:4      | Found a transporter.
  4711 | D:4      | Found a transporter.
  4914 | D:5      | Entered Level 5 of the Dungeon
  4967 | D:5      | Reached XP level 7. HP: 60/60 MP: 12/12
  5101 | D:5      | Reached skill level 5 in Fighting
  5292 | D:5      | Found Qyjep's Jewellery Shop.
  5421 | D:5      | Found a runed translucent gate.
  5421 | D:5      | Found a runed translucent gate.
  5421 | D:5      | Found a runed translucent gate.
  5429 | D:5      | Noticed SecretSquirrel's ghost (novice DEHu)
  5929 | D:6      | Reached skill level 1 in Ranged Weapons
  5940 | D:6      | HP: 3/62 [acid (8)]
  6179 | D:5      | Reached skill level 2 in Ranged Weapons
  6222 | D:6      | Reached XP level 8. HP: 64/70 MP: 13/13
  6336 | D:6      | Reached skill level 3 in Ranged Weapons
  6450 | D:6      | Noticed Maggie
  6466 | D:6      | Killed Maggie
  6467 | D:6      | Reached skill level 5 in Ranged Weapons
  6474 | D:6      | HP: 1/105 [wight/+3 morningstar (7)]
  6760 | D:6      | Noticed Edmund
  6789 | D:6      | Reached skill level 6 in Ranged Weapons
  7551 | D:7      | HP: 2/70 [orc warrior/+0 halberd (8)]
  7554 | D:7      | Reached skill level 7 in Ranged Weapons
  7778 | D:7      | Found a staircase to the Ecumenical Temple.
  7783 | D:7      | Noticed Dowan
  7842 | D:6      | Reached XP level 9. HP: 66/75 MP: 14/14
  8079 | D:7      | Reached skill level 8 in Ranged Weapons
  8202 | D:7      | You fall into a shaft and drop 2 floors!
  8279 | D:9      | Reached skill level 9 in Ranged Weapons
  8289 | D:9      | HP: 5/112 [yak (4)]
  8766 | D:7      | Noticed a cyan ugly thing
  8882 | D:7      | Reached skill level 10 in Ranged Weapons
  8910 | D:7      | Noticed Duvessa
  8936 | D:7      | Killed Duvessa
  8953 | D:7      | Killed Dowan
  9010 | D:7      | Noticed a two-headed ogre
  9456 | D:7      | Killed a two-headed ogre
  9457 | D:7      | Reached skill level 1 in Evocations
  9457 | D:7      | Reached XP level 10. HP: 45/83 MP: 15/15
  9997 | D:8      | Found a runed translucent gate.
 10011 | D:8      | Reached skill level 11 in Ranged Weapons
 10064 | D:8      | Found a runed translucent gate.
 10064 | D:8      | Found a runed translucent gate.
 10065 | D:8      | Noticed gelatine's ghost (novice DsFE)
 11246 | D:9      | Noticed a two-headed ogre
 11398 | D:10     | Entered Level 10 of the Dungeon
 11466 | D:10     | Reached skill level 5 in Evocations
 11591 | D:10     | Reached skill level 12 in Ranged Weapons
 11647 | D:10     | Found a staircase to the Lair.
 12094 | D:10     | Reached XP level 11. HP: 89/89 MP: 17/17
 12156 | D:10     | Noticed Harold
 12413 | D:10     | Killed Harold
 13004 | D:4      | Killed javelincjr's ghost
 13005 | D:4      | Reached skill level 13 in Ranged Weapons
 13124 | D:5      | Killed SecretSquirrel's ghost
 13169 | D:6      | Killed Edmund
 13380 | D:8      | Killed gelatine's ghost
 13460 | D:8      | Noticed a sun demon
 13640 | Lair:1   | Entered Level 1 of the Lair of Beasts
 13671 | D:10     | Reached skill level 14 in Ranged Weapons
 13885 | D:10     | Slain by a komodo dragon

Illustrated notes

Levels and vault maps discovered:
D:1:      dpeg_arrival_simpleton_c, layout_basic
D:2:      layout_rooms
D:3:      layout_loops_cross, hellmonk_ecumenical_altar_dog_temple,
          uniq_terence, uniq_ijyb, uniq_crazy_yiuf_cottage
D:4:      layout_loops_ring, grunt_temple_overflow_open,
          gammafunk_ghost_abyssal_escape, portal_sewer_entry_a
D:5:      layout_basic, serial_shops, shop, ebering_ghost_rock_garden
D:6:      layout_basic, trog_three_pillars_becter, uniq_maggie, uniq_edmund
D:7:      layout_rooms, nicolae_dithmenos_through_a_glass_darkly,
          xom_confusion_cloud, minmay_temple_entry_mini_moons,
          kennysheep_path_1, minmay_manual_monstrance, uniq_duvessa
D:8:      layout_cave_pools, gammafunk_ghost_nasty_kobolds
D:9:      layout_basic, old_standard_altar, lemuel_blue_sif_altar,
          nicolae_ru_the_path_less_chosen, chequers_serial_rivers_marsh
D:10:     layout_loops_corners, grunt_lair_entry_orc_guard_hut, serial_rivers,
          chequers_serial_rivers_room_a, chequers_serial_rivers_small_b,
          chequers_serial_rivers_large_b, chequers_serial_rivers_small_b,
          uniq_harold
Lair:1:   layout_concentric_octagons

Skill      XL: |  1  2  3  4  5  6  7  8  9 10 11 |
---------------+----------------------------------+-----
Dodging        | 2 3 4 5 6 |  6.3
Fighting       | 1 2 3 4 5 |  5.9
Ranged Weapons | 2 7 10 12 14 | 14.2
Stealth        | 3 4 |  4.0
Evocations     | 1 5 |  5.0
Short Blades   | |  0.8
Spellcasting   | |  1.7
Hexes          | |  2.6

Action                     |  1- 3 |  4- 6 |  7- 9 | 10-12 || total
---------------------------+-------+-------+-------+-------++-------
  Melee: Dagger            |   295 |    87 |       |       ||   382
         Punch             |     3 |     1 |       |       ||     4
         Short sword       |       |    31 |       |       ||    31
         Quarterstaff      |       |   185 |   243 |       ||   428
   Fire: Shortbow          |       |       |   246 |   573 ||   819
  Throw: Stone             |     2 |       |     3 |       ||     5
         Boomerang         |       |       |     8 |       ||     8
   Cast: Ensorcelled Hiber |     1 |       |       |       ||     1
  Evoke: Wand              |       |       |     2 |     1 ||     3
    Use: Potion            |     2 |     2 |     7 |       ||    11
         Scroll            |       |     7 |     4 |     5 ||    16
   Stab: Sleeping          |     8 |     7 |     1 |       ||    16
         Invisible         |       |     2 |     4 |       ||     6
         Paralysed         |       |       |     3 |       ||     3
 Armour: Robe              |    43 |       |       |       ||    43
         Ring mail         |    34 |   143 |    52 |       ||   229
         Swamp dragon scal |       |       |   107 |    17 ||   124
         Skin              |       |       |    15 |       ||    15
         Leather armour    |       |       |     2 |    13 ||    15
         Troll leather arm |       |       |       |    70 ||    70
  Dodge: Dodged            |   189 |   268 |   272 |   268 ||   997
